 Dungeon Crawl Stone Soup version 0.21-a0-297-ga3d34c2 (webtiles) character file.

98 mhoghedin the Insei (level 4, -4/34 HPs)
             Began as a Gnoll Transmuter on Sept 28, 2017.
             Slain by a worm (7 damage)
             ... on level 2 of the Dungeon.
             The game lasted 00:03:27 (1609 turns).

mhoghedin the Insei (Gnoll Transmuter)              Turns: 1609, Time: 00:03:28

Health: -4/34      AC:  2    Str: 13    XL:     4   Next: 71%
Magic:  16/19      EV: 24    Int: 15    God:
Gold:   76         SH:  0    Dex: 21    Spells: 6/12 levels left

rFire    . . .     SeeInvis .     - Unarmed
rCold    . . .     Gourm    .   (shield currently unavailable)
rNeg     . . .     Faith    .   (armour currently unavailable)
rPois    x         Spirit   .   (helmet currently unavailable)
rElec    .         Reflect  .   (cloak currently unavailable)
rCorr    .         Harm     .   (gloves currently unavailable)
MR       .....                  (boots currently unavailable)
Stlth    ++........             (no amulet)
HPRegen  0.11/turn              (no ring)
MPRegen  0.16/turn              f - ring of magical power {MP+9}

@: spider-form
A: distributed training, strong nose
a: End Transformation


You were on level 2 of the Dungeon.
You were not hungry.
You were a venomous arachnid creature.
You visited 1 branch of the dungeon, and saw 2 of its levels.

You collected 76 gold pieces.

Inventory:

Missiles
 a - 12 arrows
Armour
 b - a +0 robe (melded)
Jewellery
 f - a ring of magical power (right front leg) {MP+9}
   (You found it on level 1 of the Dungeon)
 n - a +3 ring of protection {unknown}
   (You found it on level 2 of the Dungeon)
Scrolls
 i - a scroll of recharging {unknown}
 j - 2 scrolls of teleportation {unknown}
 k - a scroll of identify
 l - a scroll of fear {unknown}
Potions
 e - a potion of might
 g - a potion of agility {unknown}
Books
 c - a book of Changes
Comestibles
 d - 2 bread rations {@e1}
 h - a meat ration {@e2}


   Skills:
 + Level 2.6 Fighting
 + Level 0.0 Short Blades
 + Level 0.8 Long Blades
 + Level 0.0 Axes
 + Level 1.3 Maces & Flails
 + Level 0.0 Polearms
 + Level 1.3 Staves
 + Level 1.3 Slings
 + Level 0.8 Bows
 + Level 0.0 Crossbows
 + Level 0.8 Throwing
 + Level 1.3 Armour
 + Level 4.9 Dodging
 + Level 2.0 Stealth
   Level 0.0 Stabbing
 + Level 2.0 Shields
   Level 0.0 Traps
 + Level 6.5 Unarmed Combat
 + Level 4.8 Spellcasting
 + Level 2.0 Conjurations
 + Level 0.8 Hexes
 + Level 2.0 Charms
 + Level 1.3 Summonings
 + Level 1.3 Necromancy
 + Level 1.7 Translocations
 + Level 4.4 Transmutations
 + Level 1.3 Fire Magic
 + Level 1.7 Ice Magic
 + Level 0.8 Air Magic
 + Level 0.0 Earth Magic
 + Level 1.3 Poison Magic
 + Level 0.8 Invocations
 + Level 1.3 Evocations


You had 6 spell levels left.
You knew the following spells:

 Your Spells              Type           Power        Failure   Level  Hunger
a - Beastly Appendage     Tmut           ###...       10%         1    None
c - Spider Form           Tmut/Pois      ##........   34%         3    ###....
s - Sticks to Snakes      Tmut           ###.....     13%         2    ##.....


Dungeon Overview and Level Annotations

Branches:
Dungeon (2/15)

Altars:


Innate Abilities, Weirdness & Mutations

Your experience applies equally to all skills.
((You have very sharp teeth.))
Your uncanny sense of smell can sniff out nearby items.


Message History

You take 2 damage, and have 21/34 hp.
You barely miss the adder. You claw the adder! The adder barely misses you.
You completely miss the adder. The adder closely misses you.
You punch the adder!
You kill the adder!
Your Stealth skill increases to level 2!
Your Necromancy skill increases to level 1!
No target in view!
No target in view!
No target in view!
No target in view!
No target in view!
No target in view!
No target in view!
No target in view!
No target in view!
No target in view!
No target in view!
No target in view!
You feel sick.
You take 1 damage, and have 21/34 hp.
A worm comes into view.
Found a stone staircase leading down.
You see here an adder corpse.
You butcher the adder corpse.
The goblin shouts!
You see here 2 chunks of flesh {@w0}.
You feel sick.
Items here: ) †††† a whip; a worm corpse; a kobold corpse; a frilled lizard corpse an adder corpse You take 1 damage, and have 20/34 hp.
You butcher the worm corpse.
Items here: % ) ††† a whip; a chunk of flesh {@w0}; a kobold corpse; a frilled lizard corpse an adder corpse There isn't anything here!
You feel sick.
You are no longer poisoned.
You see here a worm corpse.
You take 1 damage, and have 20/34 hp.
You butcher the worm corpse.
Your transformation is almost over.
You see here 3 chunks of flesh {@w0}.
The bat hits you but does no damage.
You see here 14 gold pieces.
You hit the bat but do no damage. The bat hits you but does no damage.
The goblin misses you. The bat hits you but does no damage. The bat misses you.
The goblin misses you. The bat closely misses you.
Your talons disappear.
The bat barely misses you.
Your feet morph into talons.
The bat closely misses you.
You now have 18/19 mp.
The bat hits you but does no damage. The goblin hits you with a club.
You take 4 damage, and have 17/34 hp.
You are too injured to fight recklessly!
You are too injured to fight recklessly!
You are too injured to fight recklessly!
You are too injured to fight recklessly!
You are too injured to fight recklessly!
You are too injured to fight recklessly!
You are too injured to fight recklessly!
You are too injured to fight recklessly!
You are too injured to fight recklessly!
You are too injured to fight recklessly!
You are too injured to fight recklessly!
You are too injured to fight recklessly!
You miss the goblin. The bat hits you. The goblin barely misses you.
You take 1 damage, and have 16/34 hp.
You punch the goblin!
You kill the goblin!
The bat barely misses you.
Things that are here:
a club; a pink potion; a scroll labeled NETAUFO VAFEERR You miss the bat.
You claw the bat. The bat hits you.
You take 1 damage, and have 15/34 hp.
MP restored: 19 The bat closely misses you.
You closely miss the bat. Your kick misses the bat. Your bite misses the bat.
The bat misses you.
You hit the worm. You claw the worm. The bat hits you.
You take 1 damage, and have 15/34 hp.
You hit the worm. Your kick misses the worm. Your bite misses the worm.
The bat hits you. The worm bites you!
* * * LOW HITPOINT WARNING * * *
You take 11 damage, and have 4/34 hp.
MASSIVE DAMAGE!!
The bat barely misses you.
Your talons disappear.
You turn into a venomous arachnid creature.
Your +0 robe melds into your body.
The bat closely misses you.
You now have 16/19 mp.
You barely miss the bat. The bat hits you.
* * * LOW HITPOINT WARNING * * *
The bat barely misses you.
You take 1 damage, and have 3/34 hp.
You barely miss the bat. The bat barely misses you. The worm bites you!
You die...

........#####...#.###.####.#....
......... ....#........(........
........# #.........##....###
.......%######..........#.#.###.
.>.#.#..).............#.#.#.# #.
.......###%...........#...#.# ..
............................##.#
............$..................
.....#######.##s....$.#.......#
#.....$......)wb.............
############.######.#####... ∆
.... .... ... ....... ...
.......... .........##
.........# .........#


You could see a worm and a bat.

Vanquished Creatures
  5 adders (D:2)
  An ooze (D:2)
  2 worms (D:2)
  A leopard gecko (D:1)
  4 giant cockroaches
  6 goblins
  9 hobgoblins
  4 bats
  2 frilled lizards
  6 kobolds
  4 rats
44 creatures vanquished.

Notes
Turn   | Place    | Note
-------+----------+-------------------------------------------
     0 | D:1      | mhoghedin the Gnoll Transmuter began the quest for the Orb.
     0 | D:1      | Reached XP level 1. HP: 17/17 MP: 6/6
   218 | D:1      | Reached skill level 1 in Shields
   269 | D:1      | Reached skill level 1 in Armour
   284 | D:1      | Reached XP level 2. HP: 21/23 MP: 7/7
   379 | D:1      | HP: 5/23 [goblin/club (5)]
   672 | D:1      | Reached skill level 1 in Evocations
   821 | D:1      | Reached skill level 1 in Conjurations
   840 | D:1      | Reached XP level 3. HP: 18/28 MP: 9/9
   844 | D:1      | Learned a level 2 spell: Sticks to Snakes
   848 | D:1      | Learned a level 3 spell: Spider Form
   926 | D:1      | Reached skill level 1 in Charms
  1106 | D:2      | Reached skill level 2 in Shields
  1134 | D:2      | Reached skill level 1 in Translocations
  1150 | D:2      | Reached skill level 1 in Ice Magic
  1150 | D:2      | Reached skill level 1 in Poison Magic
  1273 | D:2      | Reached skill level 1 in Staves
  1283 | D:2      | HP: 6/28 [ooze (4)]
  1288 | D:2      | Reached skill level 1 in Stealth
  1288 | D:2      | Reached skill level 2 in Conjurations
  1288 | D:2      | Reached skill level 1 in Fire Magic
  1288 | D:2      | Reached XP level 4. HP: 7/34 MP: 10/10
  1560 | D:2      | Reached skill level 1 in Maces & Flails
  1560 | D:2      | Reached skill level 2 in Charms
  1563 | D:2      | Reached skill level 1 in Summonings
  1567 | D:2      | Reached skill level 1 in Slings
  1575 | D:2      | Reached skill level 2 in Stealth
  1575 | D:2      | Reached skill level 1 in Necromancy
  1605 | D:2      | HP: 4/34 [worm (10)]
  1609 | D:2      | Slain by a worm

Vault maps used:
D:1:      dpeg_arrival_fog
D:2:      old_standard_altar, chequers_ecumenical_altar_lobes, uniq_natasha

Skill      XL: |  1  2  3  4 |
---------------+-------------+-----
Shields        | 1 2 |  2.0
Armour         | 1 |  1.3
Evocations     | 1 |  1.3
Conjurations   | 1 2 |  2.0
Charms         | 1 2 |  2.0
Translocations | 1 |  1.7
Ice Magic      | 1 |  1.7
Poison Magic   | 1 |  1.3
Staves         | 1 |  1.3
Stealth        | 1 2 |  2.0
Fire Magic     | 1 |  1.3
Maces & Flails | 1 |  1.3
Summonings     | 1 |  1.3
Slings         | 1 |  1.3
Necromancy     | 1 |  1.3
Fighting       | |  2.6
Long Blades    | |  0.8
Bows           | |  0.8
Throwing       | |  0.8
Dodging        | |  4.9
Unarmed Combat | |  6.5
Spellcasting   | |  4.8
Hexes          | |  0.8
Transmutations | |  4.4
Air Magic      | |  0.8
Invocations    | |  0.8

Action                   |  1- 3 |  4- 6 || total
-------------------------+-------+-------++-------
Melee: Unarmed           |    95 |    32 ||   127
       Bite              |     6 |     1 ||     7
       Punch             |     3 |     2 ||     5
       Headbutt          |     1 |       ||     1
       Kick              |       |     6 ||     6
 Cast: Beastly Appendage |     3 |     2 ||     5
       Spider Form       |     1 |     1 ||     2
  Use: Scroll            |     4 |       ||     4
 Stab: Sleeping          |     3 |       ||     3
       Distracted        |     1 |       ||     1
  Eat: Chunk             |     1 |     1 ||     2
Armor: Robe              |    18 |     5 ||    23
       Skin              |     1 |       ||     1
Dodge: Dodged            |    98 |    26 ||   124

Table legend:
 A = Spawn XP
 B = Non-spawn XP
 C = Spawn XP percentage of total XP
 D = Spawn monster count
 E = Non-spawn monster count
 F = Spawn count percentage of total count
 G = Total turns spent on level
                    A         B        C        D         E        F      G
               +---------+---------+-------+---------+---------+-------+---------
         Total |       0 |     141 |   0.0 |       0 |      44 |   0.0 |  1609
               +---------+---------+-------+---------+---------+-------+---------
           D:1 |       0 |      42 |   0.0 |       0 |      25 |   0.0 |  1089
           D:2 |       0 |      99 |   0.0 |       0 |      19 |   0.0 |   520
               +---------+---------+-------+---------+---------+-------+---------

Vault maps used:
D:1:      dpeg_arrival_fog
D:2:      old_standard_altar, chequers_ecumenical_altar_lobes, uniq_natasha

Table legend:
 A = Turns spent in this place as a percentage of turns spent in the entire game.
 B = Non-inter-level travel turns spent in this place as a percentage of non-inter-level travel turns spent in the entire game.
 C = Inter-level travel turns spent in this place as a percentage of turns spent in this place.
 D = Turns resting spent in this place as a percentage of non-inter-level travel turns spent in this place.
 E = Turns spent auto-exploring this place as a percentage of non-inter-level travel turns spent in this place.
 F = Non-inter-level travel turns spent in this place divided by the number of levels of this place that you've seen.
                   A       B       C       D       E      F
               +-------+-------+-------+-------+-------+----------------------
         Total | 100.0 | 100.0 |   1.0 |  33.5 |  47.0 | 796.5
       Dungeon | 100.0 | 100.0 |   1.0 |  33.5 |  47.0 | 796.5
               +-------+-------+-------+-------+-------+----------------------

Table legend:
 A = Kills in this place as a percentage of kills in entire the game.
 B = Kills by you in this place as a percentage of kills by you in the entire game.
 C = Kills by friends in this place as a percentage of kills by friends in the entire game.
 D = Other kills in this place as a percentage of other kills in the entire game.
 E = Experience gained in this place as a percentage of experience gained in the entire game.
 F = Experience gained in this place divided by the number of levels of this place that you have seen.
                   A       B       C       D       E      F
               +-------+-------+-------+-------+-------+----------------------
         Total | 100.0 | 100.0 |   N/A |   N/A | 100.0 |  70.5
       Dungeon | 100.0 | 100.0 |   N/A |   N/A | 100.0 |  70.5
               +-------+-------+-------+-------+-------+----------------------
